 Dungeon Crawl Stone Soup version 0.26-a0-937-g67df3f2acb (webtiles) character file.

Game seed: 4294206530941893496

4974 DerHolg the Basher (level 10, -2/84 HPs)
             Began as a Ghoul Gladiator on Nov 27, 2020.
             Was a Believer of Makhleb.
             Slain by a catoblepas (8 damage)
             ... while petrified by you
             ... on level 9 of the Dungeon.
             The game lasted 01:03:19 (10049 turns).

DerHolg the Basher (Ghoul Gladiator)               Turns: 10049, Time: 01:03:19

Health: -2/84      AC: 14    Str: 22    XL:     10   Next: 53%
Magic:  12/12      EV:  2    Int:  6    God:    Makhleb [**....]
Gold:   604        SH:  0    Dex:  7    Spells: 9/9 levels left

rFire    + . .     SeeInvis .   a - +5 morningstar
rCold    + . .     Faith    .   (no shield)
rNeg     + + +     Spirit   .   v - +1 ring mail of the Tuna {rF+ MR+ Int+3 Dex-3}
rPois    ∞         Reflect  .   c - +0 helmet
rElec    .         Harm     .   B - +2 cloak {MR+}
rCorr    .         Rampage  .   p - +2 pair of gloves
MR       +++..                  (no boots)
Stlth    ..........             (no amulet)
HPRegen  0.00/turn              x - ring of protection from magic
MPRegen  0.13/turn              (no ring)

@: petrified
A: rotting body, claws 1, cold resistance 1, negative energy resistance 3,
inhibited regeneration, torment resistance, unbreathing
a: Minor Destruction, Renounce Religion


You were on level 9 of the Dungeon.
You worshipped Makhleb.
Makhleb was pleased with you.
You visited 2 branches of the dungeon, and saw 10 of its levels.

You collected 604 gold pieces.

Inventory:

Hand Weapons
 a - a +5 morningstar (weapon)
Missiles
 d - a throwing net
 g - 9 poisoned darts
 z - 13 boomerangs (quivered)
Armour
 c - a +0 helmet (worn)
 p - a +2 pair of gloves (worn)
 v - the +1 ring mail of the Tuna (worn) {rF+ MR+ Int+3 Dex-3}
   (You found it on level 4 of the Dungeon)

   It affects your intelligence (+3).
   It affects your dexterity (-3).
   It protects you from fire.
   It affects your resistance to hostile enchantments.
 B - a +2 cloak of magic resistance (worn)
Jewellery
 x - a ring of protection from magic (left hand)
 F - an uncursed ring of ice {unknown}
Wands
 C - a wand of flame (11)
Scrolls
 b - 2 scrolls of blinking {unknown}
 e - 12 scrolls of identify {unknown}
 i - 5 scrolls of remove curse {unknown}
 j - 4 scrolls of teleportation {unknown}
 k - a scroll of fear {unknown}
 n - 2 scrolls of noise {unknown}
 r - 2 scrolls of enchant weapon {unknown}
 u - 2 scrolls of fog {unknown}
 y - 2 scrolls of enchant armour {unknown}
 G - 2 scrolls of vulnerability {unknown}
Potions
 f - 3 potions of heal wounds {unknown}
 h - a potion of mutation {unknown}
 l - 2 potions of magic {unknown}
 m - a potion of ambrosia {unknown}
 o - 6 potions of curing {unknown}
 q - 2 potions of might {unknown}
 s - a potion of invisibility {unknown}
 t - a potion of attraction {unknown}
 w - 4 potions of degeneration {unknown}
 A - 3 potions of flight {unknown}
 D - a potion of berserk rage {unknown}
 E - a potion of haste {unknown}


   Skills:
 + Level 6.9 Fighting
 * Level 8.4 Maces & Flails
 - Level 5.0 Throwing
 + Level 5.4 Armour
 + Level 6.1 Dodging
 + Level 4.7 Invocations


You had 9 spell levels left.
You didn't know any spells.
Your spell library contained the following spells:

 Spells                   Type           Power        Failure   Level
 Animate Skeleton         Necr           #.....       58%         1
 Apportation              Tloc           #.....       58%         1
 Corona                   Hex            #......      58%         1
 Magic Dart               Conj           #...         58%         1
 Shock                    Conj/Air       #...         58%         1
 Summon Small Mammal      Summ           #...         58%         1
 Blink                    Tloc           N/A          75%         2
 Call Imp                 Summ           #.......     75%         2
 Slow                     Hex            #.......     75%         2
 Swiftness                Air            #.......     75%         2
 Confusing Touch          Hex            #.......     92%         3
 Conjure Flame            Conj/Fire      #.......     92%         3
 Gell's Gravitas          Tloc           #.........   92%         3
 Mephitic Cloud           Conj/Pois/Air  #.......     92%         3
 Static Discharge         Conj/Air       #.......     92%         3
 Airstrike                Air            #.........   100%        4
 Animate Dead             Necr           #.........   100%        4
 Petrify                  Tmut/Erth      #.......     100%        4
 Borgnjor's Vile Clutch   Necr/Erth      #.........   100%        5
 Lightning Bolt           Conj/Air       #.........   100%        5
 Metabolic Englaciation   Hex/Ice        #.........   100%        5
 Yara's Violent Unravell  Hex/Tmut       #.........   100%        5
 Death Channel            Necr           #.........   100%        6
 Simulacrum               Ice/Necr       #.........   100%        6


Dungeon Overview and Level Annotations

Branches:
Dungeon (9/15)             Temple (1/1) D:7
   Lair: D:8-11         Orc: D:9-12

Altars:
Ashenzari
Cheibriados
Dithmenos
Elyvilon
Fedhas
Gozag
Hepliaklqana
Kikubaaqudgha
Makhleb
Nemelex Xobeh
Okawaru
Ru
Sif Muna
Trog
Uskayaw
Vehumet
Wu Jian
Xom
Yredelemnul
Zin
The Shining One

Shops:
D:6 =

Annotations:
D:6 2 transporters, happy's ghost, novice SpMo


Innate Abilities, Weirdness & Mutations

Your body is rotting away.
You thrive by killing the living.
You are immune to poison.
You have sharp fingernails.
Your flesh is cold resistant. (rC+)
You are immune to negative energy. (rN+++)
You do not regenerate when monsters are visible.
You are immune to unholy pain and torment.
You can survive without breathing.


Message History

You are engulfed in calcifying dust.
Your limbs are stiffening.
You are engulfed in calcifying dust.
Your limbs have turned to stone.
The catoblepas breathes a plume of calcifying dust at you.
The blast of calcifying dust hits you but does no damage.
You have turned to stone.
You are engulfed in calcifying dust.
A phantom comes into view.
The catoblepas gores you!
* * * LOW HITPOINT WARNING * * *
The catoblepas breathes in.
The catoblepas gores you.
* * * LOW HITPOINT WARNING * * *
The catoblepas gores you but does no damage.
The catoblepas gores you!!
* * * LOW HITPOINT WARNING * * *
The catoblepas breathes a plume of calcifying dust at you.
The blast of calcifying dust hits you.
* * * LOW HITPOINT WARNING * * *
You are engulfed in calcifying dust.
The catoblepas gores you!
You die...

###.###.##.#.##.##
+.......#..#..#..#
#.###..##..#..##.## #.
#..#.#.#.#.#†.#
#+###.###.##.#.#.#.##.##
......<#..#..#.#.#..#..######
#####....##..#.#.#..##......###
#...#####...#########......###
#...### ###..@## #(.###......#
(..## ##.###Y##..(..###.....
.## ##.## ##c#..#....###...
#.## ##W...# #. ### #=..##.#.#
#)|[## .# ##c .. # .# #


You could see a catoblepas, a centaur warrior and a phantom.

Vanquished Creatures
  Sigmund (D:4)
  5 yaks (D:9)
  A steam dragon (D:7)
  Menkaure (D:4)
  2 insubstantial wisps (D:7)
  Duvessa (D:4)
  A black bear (D:7)
  2 orc warriors
  3 ice beasts
  3 phantoms
  3 sky beasts (D:7)
  4 necrophages (D:7)
  A centaur (D:7)
  3 bullfrogs
  5 scorpions
  Dowan (D:4)
  3 howler monkeys (D:8)
  2 wights (D:7)
  The ghost of thewurscht the Shield-Bearer, a weakling GrFi of Zin (D:5)
  2 electric eels (D:7)
  3 bullfrog zombies
  A centaur skeleton (D:7)
  Crazy Yiuf (D:7)
  A bullfrog skeleton (D:5)
  A hound (D:9)
  6 orc priests
  4 orc wizards
  Jessica (D:6)
  2 iguanas
  4 worker ants
  2 killer bee zombies
  2 hound zombies
  A mummy (D:7)
  Robin (D:3)
  A worker ant zombie (D:7)
  7 gnolls
  16 adders
  A shadow imp (D:8)
  A white imp (D:5)
  3 ufetubi
  2 oozes
  2 adder zombies (D:7)
  2 adder skeletons
  2 worms
  2 dart slugs (D:2)
  8 leopard geckos
  29 orcs
  A ball python (D:1)
  4 giant cockroaches
  9 hobgoblins
  6 jackals
  8 kobolds
  4 quokkas
  10 bats
  10 frilled lizards
  15 goblins
  A leopard gecko zombie (D:5)
  2 quokka skeletons (D:4)
  9 rats
230 creatures vanquished.

Vanquished Creatures (others)
  2 withered plants (D:7)
2 creatures vanquished.

Grand Total: 232 creatures vanquished

Notes
Turn   | Place    | Note
-------+----------+-------------------------------------------
     0 | D:1      | DerHolg the Ghoul Gladiator began the quest for the Orb.
     0 | D:1      | Reached XP level 1. HP: 17/17 MP: 0/0
   373 | D:1      | Reached XP level 2. HP: 25/25 MP: 1/1
   481 | D:1      | Reached skill level 3 in Maces & Flails
   678 | D:1      | Reached XP level 3. HP: 30/30 MP: 2/2
  1339 | D:2      | Reached skill level 1 in Armour
  1339 | D:2      | Reached XP level 4. HP: 34/37 MP: 3/3
  2286 | D:3      | Noticed Robin
  2391 | D:3      | Killed Robin
  2392 | D:3      | Reached XP level 5. HP: 38/45 MP: 4/4
  2662 | D:3      | Found a broken altar of Ashenzari.
  2979 | D:3      | Found a broken altar of Ashenzari.
  3414 | D:4      | Reached skill level 4 in Maces & Flails
  3414 | D:4      | Reached XP level 6. HP: 46/51 MP: 5/5
  3536 | D:4      | Noticed Menkaure
  3553 | D:4      | Killed Menkaure
  3778 | D:4      | Got a bloodstained ring mail
  3826 | D:4      | Noticed a phantom
  3879 | D:4      | Killed a phantom
  3880 | D:4      | Reached XP level 7. HP: 37/58 MP: 6/6
  4237 | D:4      | Noticed Dowan
  4256 | D:4      | Killed Dowan
  4273 | D:4      | Noticed Duvessa
  4330 | D:4      | Killed Duvessa
  4331 | D:4      | Reached skill level 5 in Maces & Flails
  4529 | D:4      | Noticed Sigmund
  4541 | D:4      | Killed Sigmund
  4542 | D:4      | Reached XP level 8. HP: 67/67 MP: 7/7
  4764 | D:5      | Entered Level 5 of the Dungeon
  5195 | D:5      | Found a burning altar of Makhleb.
  5203 | D:5      | Became a worshipper of Makhleb the Destroyer
  5241 | D:5      | Found a transporter.
  5242 | D:5      | Found a transporter.
  5242 | D:5      | Noticed thewurscht's ghost (weakling GrFi)
  5316 | D:5      | Killed thewurscht's ghost
  5589 | D:6      | Found a transporter.
  5597 | D:6      | Noticed happy's ghost (novice SpMo)
  5610 | D:6      | Found a transporter.
  5675 | D:6      | Reached skill level 6 in Maces & Flails
  5675 | D:6      | Reached skill level 1 in Invocations
  5746 | D:6      | Identified the +1 ring mail of the Tuna {rF+ MR+ Int+3
                  | Dex-3} (You found it on level 4 of the Dungeon)
  5876 | D:6      | Reached skill level 5 in Fighting
  6283 | D:6      | Reached XP level 9. HP: 74/74 MP: 9/9
  6293 | D:6      | Found an opulent altar of Gozag.
  6510 | D:6      | Reached * piety under Makhleb
  6539 | D:6      | Found Saepiero's Jewellery Shop.
  6966 | D:6      | Noticed Jessica
  7004 | D:6      | Killed Jessica
  7012 | D:6      | Found a shimmering blue altar of Sif Muna.
  7255 | D:7      | Reached skill level 5 in Dodging
  7433 | D:7      | Found a staircase to the Ecumenical Temple.
  7448 | D:7      | Found a snail-covered altar of Cheibriados.
  7453 | Temple   | Entered the Ecumenical Temple
  7909 | D:7      | Reached skill level 7 in Maces & Flails
  8046 | D:7      | Found a white marble altar of Elyvilon.
  8362 | D:7      | Reached skill level 5 in Throwing
  8672 | D:7      | Found a runed translucent door.
  8673 | D:7      | Noticed Crazy Yiuf
  8680 | D:7      | Killed Crazy Yiuf
  8789 | D:7      | Reached XP level 10. HP: 83/83 MP: 11/11
  9057 | D:8      | Reached skill level 5 in Armour
  9075 | D:8      | Reached ** piety under Makhleb
  9098 | D:8      | Reached skill level 8 in Maces & Flails
 10031 | D:9      | Noticed a centaur warrior
 10034 | D:9      | Noticed a catoblepas
 10049 | D:9      | Slain by a catoblepas

Illustrated notes

Levels and vault maps discovered:
D:1:      dpeg_arrival_concentric_ovals, layout_loops_ring
D:2:      layout_basic
D:3:      layout_basic, lemuel_crystal_altar, cheibrodos_ashenzari_chains,
          uniq_robin
D:4:      layout_rooms, uniq_duvessa, uniq_sigmund, uniq_menkaure
D:5:      layout_rooms, nicolae_overflow_crystal_walls,
          gammafunk_ghost_mausoleum, dk_rats_in_the_wall
D:6:      minmay_opposing_rooms, layout_cave_pods,
          nicolae_gozag_cash_rules_everything_around_me, serial_shops, shop,
          gammafunk_ghost_stat_death, tgw_sif
D:7:      layout_basic, grunt_temple_overflow_open, minmay_temple_entry_trees,
          serial_undead, serial_undead_f, serial_undead_a, serial_undead_f,
          serial_undead_c, serial_undead_f, serial_undead_f,
          hangedman_misty_isle, uniq_crazy_yiuf_cottage
D:8:      layout_basic
D:9:      minmay_the_grid_four_pointed_star
          [minmay_the_grid_triangle_9x9_wacky_v,
          minmay_the_grid_triangle_9x9_cache,
          minmay_the_grid_triangle_9x9_negative_grid,
          minmay_the_grid_triangle_9x9_limited_checkers,
          minmay_the_grid_prize_diamond_cup], layout_basic,
          kennysheep_little_box
Temple:   nicolae_temple_elliptical

Skill      XL: |  1  2  3  4  5  6  7  8  9 10 |
---------------+-------------------------------+-----
Throwing       | 2 3 4 5 |  5.0
Maces & Flails | 3 4 5 6 7 8 |  8.4
Armour         | 1 2 3 4 5 |  5.4
Dodging        | 3 4 5 6 |  6.1
Fighting       | 3 4 5 6 |  6.9
Invocations    | 2 3 4 |  4.7

Action                   |  1- 3 |  4- 6 |  7- 9 | 10-12 || total
-------------------------+-------+-------+-------+-------++-------
Melee: Flail             |   118 |   219 |   162 |       ||   499
       Morningstar       |       |       |   293 |   154 ||   447
Throw: Dart              |    11 |    13 |    14 |       ||    38
       Throwing net      |       |       |     2 |       ||     2
       Boomerang         |       |       |    42 |       ||    42
Evoke: Wand              |       |       |     1 |       ||     1
 Stab: Held in net/web   |       |       |     1 |       ||     1
Armor: Leather armour    |    27 |       |    45 |       ||    72
       Scale mail        |     9 |    83 |    12 |       ||   104
       Ring mail         |       |       |   155 |    76 ||   231
Dodge: Dodged            |    78 |   131 |   302 |   113 ||   624

Table legend: (Time is in decaauts)
 A = Elapsed time spent in this place.
 B = Non-inter-level travel time spent in this place.
 C = Inter-level travel time spent in this place.
 D = Time resting spent in this place.
 E = Time spent auto-exploring this place.
 F = Levels seen in this place.
 G = Mean time per level.
                   A        B        C        D        E       F      G
               +--------+--------+--------+--------+--------+-----+--------+
         Total |  10217 |   9844 |    373 |   2009 |   5015 |  10 | 1021.7 |
       Dungeon |  10075 |   9720 |    355 |   2009 |   4893 |   9 | 1119.4 |
        Temple |    142 |    124 |     18 |      0 |    122 |   1 |  142.0 |
               +--------+--------+--------+--------+--------+-----+--------+

Top non-repeatable levels by time:
     D:6: 1671 daAuts
     D:7: 1596 daAuts
     D:3: 1459 daAuts
     D:4: 1302 daAuts
     D:2: 1071 daAuts
     D:1: 1014 daAuts
     D:8: 847 daAuts
     D:5: 815 daAuts
     D:9: 296 daAuts
  Temple: 142 daAuts
